 Dungeon Crawl Stone Soup version 0.18.1-50-g88ac8fd (webtiles) character file.

70 MorganBlackhand the Shield-Bearer (level 4, 0/35 HPs)
             Began as a Human Fighter on Oct 16, 2016.
             Slain by a gnoll
             ... wielding a +0 spear
              (4 damage)
             ... on level 2 of the Dungeon.
             The game lasted 00:17:46 (1455 turns).

MorganBlackhand the Shield-Bearer (Human Fighter)   Turns: 1455, Time: 00:17:46

Health: 0/35       AC:  6    Str: 22    XL:     4   Next: 45%
Magic:  4/4        EV:  7    Int:  8    God:
Gold:   110        SH: 10    Dex: 13    Spells: 0 memorised, 3 levels left

rFire  . . .     SeeInvis .     a - +0 long sword
rCold  . . .     Gourm    .     b - +0 scale mail
rNeg   . . .     Faith    .     c - +0 shield
rPois  +         Spirit   .     (no helmet)
rElec  .         Dismiss  .     (no cloak)
rCorr  .         Reflect  .     (no gloves)
SustAt .         Harm     .     (no boots)
MR     .....     Rnd*Tele +     (no amulet)
Stlth  ..........               y - ring of teleportation (curse)
                                p - ring of poison resistance

@: mighty, not resistant to hostile enchantments, extremely unstealthy
A: no striking features
a: no special abilities


You were on level 2 of the Dungeon.
You were not hungry.

You visited 1 branch of the dungeon, and saw 2 of its levels.

You collected 110 gold pieces.

Inventory:

Hand Weapons
 a - a +0 long sword (weapon)
 h - a +0 club
 i - a +0 dagger
 k - a +0 short sword
 s - a +0 spear
Missiles
 n - 116 stones (quivered)
 r - 15 arrows
Armour
 b - a +0 scale mail (worn)
 c - a +0 shield (worn)
Jewellery
 p - a ring of poison resistance (left hand)
 w - an uncursed ring of wizardry
 y - a cursed ring of teleportation (right hand)
Scrolls
 e - a scroll of immolation
 o - a scroll of recharging
 q - a scroll of identify
Potions
 j - a potion of mutation
 m - a potion of lignification {unknown}
 v - a potion of heal wounds {unknown}
 x - a potion of berserk rage {unknown}
Comestibles
 f - a bread ration
 l - a beef jerky
 t - 3 chunks of flesh
 z - a meat ration


   Skills:
 + Level 3.4 Fighting
 + Level 2.2 Long Blades
 + Level 0.4 Throwing
 + Level 3.5 Armour
 + Level 0.4 Dodging
 + Level 3.8 Shields


You had 3 spell levels left.
You didn't know any spells.

Dungeon Overview and Level Annotations

Branches:
Dungeon (2/15)

Altars:


Message History

The gnoll barely misses you. The goblin hits you but does no damage.
The gnoll hits you but does no damage. You block the gnoll's attack.
Drink which item? (? for menu, Esc to quit)
You feel very mighty all of a sudden. You block the goblin's attack.
The gnoll closely misses you. You block the gnoll's attack.
You hit the goblin.
You kill the goblin!
The gnoll completely misses you. You block the gnoll's attack.
You closely miss the gnoll.
The gnoll is moderately wounded.
The gnoll hits you but does no damage. x2; You block the gnoll's attack.
The gnoll hits you.
* * * LOW HITPOINT WARNING * * *
The gnoll hits you from afar with a spear.
* * * LOW HITPOINT WARNING * * *
You barely miss the gnoll.
The gnoll is moderately wounded.
The gnoll hits you from afar with a spear.
You die...

รท............'...>.......'..#
#########.####...........####
####### #.# ###......###########
'.....# #.# #.#...............
#####.# #.# #.#.......########
### #.# #.# #.#.......# ..###.#
#.# #.#.......# #..##.# #.#
#.#.......# ......# *,*
#@######### ##.#### *.######g###
.....* *......gg..# .#.#.#
*..........# .....#
*..........############## *#..,#
*..(.(...................
#...#***..........##############
#...,,,,........#.# #####
*..##,,,.########.# #...#


You could see 3 gnolls.

Vanquished Creatures
  3 adders (D:2)
  3 dart slugs
  5 giant geckos
  3 bats
  2 giant cockroaches
  3 goblins
  2 hobgoblins
  A quokka (D:2)
  A ball python (D:1)
  A giant newt (D:1)
  2 kobolds (D:1)
  10 rats
36 creatures vanquished.

Notes
Turn   | Place    | Note
--------------------------------------------------------------
     0 | D:1      | MorganBlackhand the Human Fighter began the quest for the Orb.
     0 | D:1      | Reached XP level 1. HP: 18/18 MP: 1/1
   179 | D:1      | Reached XP level 2. HP: 11/24 MP: 2/2
   537 | D:1      | Reached XP level 3. HP: 29/29 MP: 3/3
   633 | D:1      | You fall through a shaft!
   968 | D:2      | Reached XP level 4. HP: 30/35 MP: 4/4
  1455 | D:2      | Slain by a gnoll

Action                   |  1- 3 |  4- 6 || total
-------------------------+-------+-------++-------
Melee: Long sword        |   105 |    40 ||   145
Throw: Stone             |    32 |    15 ||    47
  Use: Potion            |     1 |     1 ||     2
       Scroll            |       |     5 ||     5
  Eat: Chunk             |       |     2 ||     2
Armor: Scale mail        |    55 |    22 ||    77
Dodge: Dodged            |    39 |    23 ||    62
Block: Shield            |    55 |    35 ||    90
